 Dungeon Crawl Stone Soup version 0.21.1-1-g345015fe64 (webtiles) character file.

496 LevaFresel the Bolt Thrower (level 7, -7/42 HPs)
             Began as a Kobold Hunter on June 7, 2018.
             Killed by nerve-wracking pain
             ... invoked by Menkaure
              (8 damage)
             ... on level 4 of the Dungeon.
             The game lasted 00:18:31 (3736 turns).

LevaFresel the Bolt Thrower (Kobold Hunter)         Turns: 3736, Time: 00:18:32

Health: -7/42      AC: 10    Str: 11    XL:     7   Next: 38%
Magic:  7/7        EV: 15    Int: 12    God:
Gold:   234        SH:  0    Dex: 16    Spells: 6/6 levels left

rFire    . . .     SeeInvis .   b - +1 short sword (venom)
rCold    . . .     Gourm    .   (shield restricted)
rNeg     . . .     Faith    .   e - +2 ring mail {rPois}
rPois    +         Spirit   .   (no helmet)
rElec    .         Reflect  .   (no cloak)
rCorr    +         Harm     .   (no gloves)
MR       .....                  (no boots)
Stlth    +.........             (no amulet)
HPRegen  0.14/turn              j - ring of resist corrosion
MPRegen  0.10/turn              h - +3 ring of protection

@: about to teleport
A: small, carnivore
a: no special abilities


You were on level 4 of the Dungeon.
You were very full.

You visited 1 branch of the dungeon, and saw 6 of its levels.

You collected 234 gold pieces.

Inventory:

Hand Weapons
 a - a +1 hand crossbow
 b - a +1 short sword of venom (weapon)
 m - a +4 falchion of freezing
Missiles
 d - 16 bolts
Armour
 e - a +2 ring mail of poison resistance (worn)
 o - a +1 scale mail of cold resistance
Jewellery
 h - a +3 ring of protection (right hand)
 i - an uncursed ring of magical power
 j - a ring of resist corrosion (left hand)
Scrolls
 c - a scroll of random uselessness {unknown}
 n - 3 scrolls of enchant weapon
 q - a scroll of identify
 r - a scroll of blinking {unknown}
 s - a scroll of enchant armour
 u - a scroll of noise {unknown}
 w - a scroll of amnesia {unknown}
Potions
 g - 4 potions of flight
 k - 2 potions of might
 l - 2 potions of degeneration {unknown}
 p - a potion of resistance {unknown}
 x - a potion of mutation {unknown}
Comestibles
 f - 13 rations


   Skills:
 + Level 3.8 Fighting
 + Level 3.5 Short Blades
 * Level 7.0 Crossbows
 + Level 2.2 Armour
 + Level 4.2 Dodging
 - Level 1.3 Stealth


You had 6 spell levels left.
You didn't know any spells.

Dungeon Overview and Level Annotations

Branches:
Dungeon (6/15)
 Temple: D:4-7

Altars:

Annotations:
D:4 Menkaure


Innate Abilities, Weirdness & Mutations

You are small and have problems with some larger weapons.
You are carnivorous and can eat meat at any time.


Message History

You hit Menkaure but do no damage.
Menkaure is moderately damaged.
Menkaure hits you but does no damage.
You hit Menkaure.
Menkaure is moderately damaged.
Menkaure completely misses you.
You hit Menkaure but do no damage.
Menkaure is moderately damaged.
An orc comes into view. It is wielding a hand axe.
As you read the scroll of teleportation, it crumbles to dust.
You feel strangely unstable.
The orc shouts!
Menkaure gestures at you while chanting.
Pain shoots through your body!
* * * LOW HITPOINT WARNING * * *
You hit Menkaure.
Menkaure is heavily damaged.
Menkaure casts a spell at you. Pain shoots through your body!
You die...

#....###.....####.# #
#......###.#.####.###.#
#....#.###...#........#
###........###.###o####
#..#...#.# #.....##
######.#.#####....#
#.#...<##..†.#
#.#######....### #.#
#.M@.......# #.#
#.##......... #.# #
.####..... .# #% .....
#. ....# '. ...# #.


You could see Menkaure and an orc.

Vanquished Creatures
  Purgy (D:4)
  The ghost of ady5 the Cudgeler, a weakling MiGl (D:3)
  2 hounds
  Terence (D:3)
  2 worker ants
  An orc wizard (D:3)
  4 gnolls (D:2)
  7 adders
  3 worms
  2 dart slugs
  4 leopard geckos
  7 orcs (D:3)
  7 bats
  A giant cockroach (D:1)
  8 goblins
  3 hobgoblins
  13 jackals
  2 ball pythons (D:2)
  6 frilled lizards
  5 kobolds
  8 rats
88 creatures vanquished.

Notes
Turn   | Place    | Note
-------+----------+-------------------------------------------
     0 | D:1      | LevaFresel the Kobold Hunter began the quest for the Orb.
     0 | D:1      | Reached XP level 1. HP: 12/12 MP: 1/1
   394 | D:1      | Reached skill level 5 in Crossbows
   402 | D:1      | Reached XP level 2. HP: 10/18 MP: 2/2
  1047 | D:1      | Reached XP level 3. HP: 9/22 MP: 3/3
  1052 | D:1      | Reached skill level 1 in Short Blades
  1505 | D:2      | Reached XP level 4. HP: 6/27 MP: 4/4
  1512 | D:2      | Reached skill level 1 in Armour
  1889 | D:2      | Reached XP level 5. HP: 29/32 MP: 5/5
  2293 | D:3      | Reached skill level 6 in Crossbows
  2409 | D:3      | Noticed Terence
  2426 | D:3      | Killed Terence
  2426 | D:3      | Reached XP level 6. HP: 25/37 MP: 6/6
  2706 | D:3      | Noticed ady5's ghost (weakling MiGl)
  2726 | D:3      | Killed ady5's ghost
  3401 | D:4      | Noticed Purgy
  3417 | D:4      | Killed Purgy
  3417 | D:4      | Reached XP level 7. HP: 40/42 MP: 7/7
  3471 | D:5      | Entered Level 5 of the Dungeon
  3486 | D:5      | Reached skill level 7 in Crossbows
  3725 | D:4      | Noticed Menkaure
  3735 | D:4      | HP: 1/42 [Menkaure/nerve-wracking pain (10)]
  3736 | D:4      | Killed from afar by Menkaure

Skill      XL: |  1  2  3  4  5  6  7 |
---------------+----------------------+-----
Crossbows      | 5 6 7 |  7.0
Short Blades   | 1 2 3 |  3.5
Dodging        | 3 4 |  4.2
Armour         | 1 2 |  2.2
Fighting       | 3 |  3.8
Stealth        | |  1.3

Action                   |  1- 3 |  4- 6 |  7- 9 || total
-------------------------+-------+-------+-------++-------
Melee: Short sword       |   118 |   157 |    48 ||   323
       Falchion          |       |     6 |    15 ||    21
 Fire: Hand crossbow     |     3 |    11 |       ||    14
  Use: Scroll            |     3 |     5 |     1 ||     9
       Potion            |     3 |       |       ||     3
 Stab: Sleeping          |     3 |       |       ||     3
  Eat: Chunk             |    10 |     4 |     3 ||    17
Armor: Leather armour    |    21 |       |       ||    21
       Ring mail         |    11 |    53 |    14 ||    78
Dodge: Dodged            |   120 |   133 |    40 ||   293
       Rpst.: Falchion   |       |     2 |     4 ||     6
